 Dungeon Crawl Stone Soup version 0.27.1-34-g3ba077fa99 (webtiles) character file.

Game seed: 15250307022416643445

149 belegose the Chucker (level 5, -1/49 HPs)
             Began as a Troll Arcane Marksman on Jan 10, 2022.
             Slain by an orc priest (3 damage)
             ... on level 3 of the Dungeon.
             The game lasted 00:04:54 (2482 turns).

belegose the Chucker (Troll Arcane Marksman)        Turns: 2482, Time: 00:04:54

Health: -1/49      AC:  4    Str: 18    XL:     5   Next: 9%
Magic:  5/5        EV:  9    Int: 10    God:
Gold:   154        SH:  0    Dex: 10    Spells: 5/6 levels left

rFire    . . .     SeeInvis +     - Unarmed
rCold    . . .     Faith    .   (no shield)
rNeg     . . .     Spirit   .   a - +0 robe
rPois    .         Reflect  .   (helmet restricted)
rElec    .         Harm     .   (no cloak)
rCorr    .         Rampage  .   (gloves unavailable)
Will     .....                  (boots unavailable)
Stlth    +.........             (no amulet)
HPRegen  1.16/turn              f - ring of see invisible
MPRegen  0.09/turn              (no ring)

@: hasted, very quick
A: large, unfitting armour, claws 3, regeneration 1, shaggy fur 1, tough skin 1
a: no special abilities


You were on level 3 of the Dungeon.
You visited 1 branch of the dungeon, and saw 4 of its levels.

You collected 154 gold pieces.

Inventory:

Missiles
 b - 4 large rocks
 c - 2 throwing nets
 g - 8 boomerangs (quivered)
 i - 182 stones
Armour
 a - a +0 robe (worn)
Jewellery
 f - a ring of see invisible (left claw)
Scrolls
 d - 4 scrolls of teleportation {unknown}
 h - 3 scrolls of identify {unknown}
 j - 3 scrolls of enchant weapon {unknown}
 k - a scroll of enchant armour {unknown}
 n - 2 scrolls of fog {unknown}
 o - a scroll of brand weapon {unknown}
 q - a scroll of torment {unknown}
 s - a scroll of magic mapping {unknown}
Potions
 e - a potion of might {unknown}
 l - a potion of mutation {unknown}
 m - a potion of haste
 p - a potion of berserk rage {unknown}
 r - a potion of curing {unknown}
 t - a potion of ambrosia {unknown}


   Skills:
 + Level 2.3 Fighting
 + Level 3.1 Throwing
 - Level 1.5 Dodging
 + Level 2.5 Unarmed Combat
 - Level 1.0 Spellcasting
 - Level 2.0 Hexes


You had 5 spell levels left.
You knew the following spells:

 Your Spells              Type           Power      Damage    Failure   Level
a - Corona                Hex            4%         N/A       16%         1

Your spell library contained the following spells:

 Spells                   Type           Power      Damage    Failure   Level
 Slow                     Hex            4%         N/A       22%         2
 Inner Flame              Hex/Fire       2%         N/A       56%         3
 Portal Projectile        Hex/Tloc       4%         N/A       56%         3
 Cause Fear               Hex            2%         N/A       83%         4


Dungeon Overview and Level Annotations

Branches:
Dungeon (4/15)
 Temple: D:4-7

Altars:

Shops:
D:1 (   D:3 !


Innate Abilities, Weirdness & Mutations

You are too large for most types of armour.
You have claws for hands.
Your natural rate of healing is unusually fast.
You are covered in fur. (AC +1)
You have tough skin. (AC +1)


Message History

The orc priest hits you with a +0 war axe!
The orc hits you with a +0 dagger.
There is a stone staircase leading up here.
The orc priest barely misses you. The orc hits you with a +0 dagger.
The orc hits you with a +0 flail.
You climb upwards.
There is a stone staircase leading down here.
Unknown command.
You scratch the orc priest.
The orc priest is moderately wounded.
The orc priest barely misses you. The orc hits you with a +0 dagger.
You scratch the orc priest.
The orc priest is severely wounded.
The orc priest invokes the aid of Beogh against you.
Beogh smites you! The orc hits you but does no damage.
You barely miss the orc priest.
The orc priest is severely wounded.
The orc priest hits you with a +0 war axe.
The orc hits you but does no damage.
You scratch the orc priest.
The orc priest is almost dead.
The orc priest hits you with a +0 war axe!
* * * LOW HITPOINT WARNING * * *
Unknown command.
You barely miss the orc priest.
The orc priest is almost dead.
The orc hits you but does no damage.
The orc priest hits you with a +0 war axe!
* * * LOW HITPOINT WARNING * * *
Okay, then.
You completely miss the orc priest.
The orc priest is almost dead.
The orc hits you but does no damage.
The orc priest hits you with a +0 war axe.
* * * LOW HITPOINT WARNING * * *
It was a potion of haste.
You feel yourself speed up. The orc hits you with a +0 dagger.
* * * LOW HITPOINT WARNING * * *
The orc priest hits you with a +0 war axe.
You die...

##.#..## #.# #.
#.##..# #.# #.
#.###.# #.# ## #.#
#.###.# #.###..##.#
###..###.##.#
##........##.# ###
##.o[..<...##.###..
#.@...............#
#..o........#......
#...........#...###
##.........##...#
##...#...###...#
#####.### #...# #.#
##### #.## #..#


You could see an orc priest and an orc.

Vanquished Creatures
  Jessica (D:2)
  5 adders
  4 dart slugs
  3 orcs
  8 ball pythons
  8 endoplasms
  A giant cockroach (D:2)
  4 goblins
  5 hobgoblins
  4 quokkas
  7 bats
  5 frilled lizards
  5 kobolds
  6 rats
66 creatures vanquished.

Notes
Turn   | Place    | Note
-------+----------+-------------------------------------------
     0 | D:1      | belegose the Troll Arcane Marksman began the quest for the
                  | Orb.
     0 | D:1      | Reached XP level 1. HP: 18/18 MP: 1/1
    67 | D:1      | Reached skill level 1 in Fighting
    68 | D:1      | Reached skill level 2 in Throwing
   116 | D:1      | Reached XP level 2. HP: 20/27 MP: 2/2
   192 | D:1      | Found Ziven's Antique Weapon Shop.
   316 | D:1      | Reached skill level 1 in Unarmed Combat
   929 | D:2      | Reached XP level 3. HP: 33/33 MP: 3/3
   982 | D:2      | Found a faded altar of an unknown god.
  1142 | D:2      | Noticed Jessica
  1147 | D:2      | Killed Jessica
  1148 | D:2      | Reached XP level 4. HP: 29/42 MP: 4/4
  1487 | D:2      | Reached skill level 3 in Throwing
  1755 | D:3      | Found Jalan's Distillery.
  1903 | D:3      | Reached XP level 5. HP: 49/49 MP: 5/5
  2482 | D:3      | HP: 2/49 [orc (3)]
  2482 | D:3      | Slain by an orc priest

Illustrated notes

Levels and vault maps discovered:
D:1:      denvon_arrival_waterhouse, layout_basic, serial_shops,
          nicolae_shop_behind_doors, minmay_pentomino_t2
D:2:      kennysheep_six_static_rooms, layout_loops_ring,
          shapermc_ecumenical_altar_venn, uniq_jessica
D:3:      layout_rooms, serial_shops, shop
D:4:      layout_loops_corners, chequers_temple_overflow_minitemple,
          mainiacjoe_overflow_surrounded_room, serial_rivers,
          chequers_serial_rivers_micro_a, chequers_serial_rivers_micro_e,
          chequers_serial_rivers_room_a, chequers_serial_rivers_small_b,
          chequers_serial_rivers_micro_b, chequers_serial_rivers_small_b,
          st_stairs_3, sigmund_edmund_badplayer

Skill      XL: |  1  2  3  4 |
---------------+-------------+-----
Fighting       | 1 2 |  2.3
Throwing       | 2 3 |  3.1
Unarmed Combat | 1 2 |  2.5
Dodging        | |  1.5
Spellcasting   | |  1.0
Hexes          | |  2.0

Action                   |  1- 3 |  4- 6 || total
-------------------------+-------+-------++-------
Melee: Unarmed           |    83 |    94 ||   177
  Use: Potion            |       |     1 ||     1
Armor: Robe              |    37 |    40 ||    77
Dodge: Dodged            |    27 |    51 ||    78
